 Dungeon Crawl Stone Soup version 0.22-a0-525-gf69a080 (webtiles) character file.

695 jerryfan the Sneak (level 7, -1/46 HPs)
             Began as a Halfling Assassin on June 19, 2018.
             Slain by a wyvern zombie (4 damage)
             ... on level 6 of the Dungeon on June 20, 2018.
             The game lasted 00:20:58 (6570 turns).

jerryfan the Sneak (Halfling Assassin)              Turns: 6570, Time: 00:20:59

Health: -1/46      AC:  6    Str: 12    XL:     7   Next: 96%
Magic:  8/8        EV: 15    Int:  9    God:
Gold:   253        SH:  0    Dex: 18    Spells: 6/6 levels left

rFire    . . .     SeeInvis .   a - +2 dagger
rCold    + . .     Gourm    .   (shield restricted)
rNeg     . . .     Faith    .   c - +0 robe
rPois    .         Spirit   .   C - +0 helmet
rElec    .         Reflect  .   x - +2 cloak
rCorr    .         Harm     .   (no gloves)
MR       .....                  (no boots)
Stlth    ++++......             (no amulet)
HPRegen  0.15/turn              t - ring of protection from cold
MPRegen  0.11/turn              i - ring of stealth

@: heavily drained
A: small, mutation resistance 1
a: no special abilities


You were on level 6 of the Dungeon.
You were not hungry.

You visited 2 branches of the dungeon, and saw 7 of its levels.

You collected 253 gold pieces.

Inventory:

Hand Weapons
 a - a +2 dagger (weapon)
 b - a +0 blowgun
 u - a +0 vampiric dagger
 w - a +2 quarterstaff of chaos
 A - a +0 dagger of chaos
Missiles
 e - 25 poisoned needles
 f - 2 curare-tipped needles
 m - 168 stones (quivered)
Armour
 c - a +0 robe (worn)
 d - a +0 cloak
 o - the +1 cloak of Starlight {rElec rC+ EV+4 Stlth--}
   (You found it on level 1 of the Dungeon)

   It affects your evasion (+4).
   It protects you from cold.
   It insulates you from electricity.
   It makes you much less stealthy.
 x - a +2 cloak (worn)
 C - a +0 helmet (worn)
Jewellery
 i - a ring of stealth (right hand)
 t - a ring of protection from cold (left hand)
 y - an uncursed ring of fire
Wands
 B - a wand of random effects (10)
Scrolls
 h - a scroll of remove curse
 l - 2 scrolls of teleportation
 p - 2 scrolls of identify
 q - a scroll of amnesia {unknown}
Potions
 j - 2 potions of heal wounds
 k - 4 potions of curing {unknown}
 n - a potion of degeneration {unknown}
 r - a potion of brilliance {unknown}
 s - 2 potions of might {unknown}
 z - a potion of lignification {unknown}
Comestibles
 g - 6 rations


   Skills:
 + Level 3.3(1.9) Fighting
 + Level 4.5(3.0) Short Blades
 + Level 3.7(2.2) Throwing
 + Level 3.4(2.0) Dodging
 * Level 7.0(5.4) Stealth
 * Level 1.4(0.0) Evocations


You had 6 spell levels left.
You didn't know any spells.
Your spell library was empty.

Dungeon Overview and Level Annotations

Branches:
Dungeon (6/15)             Temple (1/1) D:4

Altars:
Elyvilon
Fedhas
Hepliaklqana
Kikubaaqudgha
Makhleb
Okawaru
Qazlal
Ru
Sif Muna
Trog
Uskayaw
Wu Jian
Xom
Zin
Lugonu

Annotations:
D:5 3 runed doors, 4thArraOfDagon's ghost, amateur FeCj; Amnesiac's ghost, weakling SpMo; Rhok's ghost, novice HuMo; gmonis's ghost, novice CeHu; inc's ghost, amateur OpIE


Innate Abilities, Weirdness & Mutations

You are small and have problems with some larger weapons.
You are somewhat resistant to further mutation.


Message History

A wyvern zombie comes into view.
The wyvern zombie bites you. The wyvern zombie bites you!
* * * LOW HITPOINT WARNING * * *
You feel much better.
The wight hits you with an enchanted great sword!
* * * LOW HITPOINT WARNING * * *
The wyvern zombie closely misses you. The wyvern zombie closely misses you.
The wight misses you.
The wyvern zombie completely misses you.
There is a stone staircase leading up, spattered with blood here.
Evoke which item? (* to show all) (? for menu, Esc to quit)
Aiming: Random Effects
Press: ? - help, Shift-Dir - straight line, f/p - wight
Aim: a wight, wielding an enchanted great sword and wearing a robe (heavily damaged)
The puff of flame hits the wyvern zombie.
The wyvern zombie is lightly damaged.
The wyvern zombie bites you.
* * * LOW HITPOINT WARNING * * *
The wyvern zombie bites you.
You die...

#......!.......
#.###.#.#...###
#...z...##..#
#.###.###...# #[#
##.#.# .# #.# #... .
#### #.###.####..##
#...###...........#
#.#.#..z@.###.####.#
#......Z#####.####.#
####.##............#
#. #######.####... #
#.# #.. ##.. ...
...#


You could see a wight and a wyvern zombie.

Vanquished Creatures
  A scorpion (D:5)
  3 wights (D:5)
  2 crimson imps
  An orc priest (D:4)
  Crazy Yiuf (D:3)
  Natasha (thrice) (D:4)
  An iguana (D:5)
  An orc wizard (D:4)
  4 worker ants (D:4)
  A howler monkey skeleton (D:5)
  5 adders
  An ooze (D:1)
  An adder zombie (D:3)
  2 worms (D:2)
  4 dart slugs
  5 leopard geckos
  7 orcs
  A ball python (D:3)
  2 bat zombies (D:2)
  2 giant cockroaches (D:1)
  5 goblins
  7 hobgoblins
  10 jackals
  6 quokkas
  7 bats
  6 frilled lizards
  10 kobolds
  7 rats
  A rat zombie (D:2)
107 creatures vanquished.

Notes
Turn   | Place    | Note
-------+----------+-------------------------------------------
     0 | D:1      | jerryfan the Halfling Assassin began the quest for the Orb.
     0 | D:1      | Reached XP level 1. HP: 14/14 MP: 1/1
    92 | D:1      | Reached XP level 2. HP: 17/19 MP: 2/2
   332 | D:1      | Reached XP level 3. HP: 24/24 MP: 3/3
   521 | D:1      | Found the +1 cloak of Starlight {rElec rC+ EV+4 Stlth--}
  1102 | D:2      | Reached XP level 4. HP: 29/29 MP: 4/4
  1107 | D:2      | Reached skill level 5 in Stealth
  1109 | D:2      | Found a hide-covered altar of Uskayaw.
  1698 | D:2      | Found an iron altar of Okawaru.
  1705 | D:2      | Found a bloodstained altar of Trog.
  1790 | D:2      | Found an ancient bone altar of Kikubaaqudgha.
  1920 | D:2      | Reached XP level 5. HP: 35/35 MP: 5/5
  3310 | D:3      | Found a runed door.
  3315 | D:3      | Noticed Crazy Yiuf
  3330 | D:3      | Killed Crazy Yiuf
  3330 | D:3      | Reached XP level 6. HP: 33/41 MP: 6/6
  3489 | D:4      | Found a staircase to the Ecumenical Temple.
  3582 | D:4      | Found a bloodstained altar of Trog.
  3606 | D:4      | Reached skill level 6 in Stealth
  3831 | Temple   | Entered the Ecumenical Temple
  4428 | D:4      | Noticed Natasha
  4434 | D:4      | Killed Natasha
  4477 | D:4      | Noticed Natasha
  4485 | D:4      | Killed Natasha
  4485 | D:4      | Reached XP level 7. HP: 30/45 MP: 7/7
  4684 | D:4      | Noticed Natasha
  4703 | D:4      | Killed Natasha
  5047 | D:5      | Entered Level 5 of the Dungeon
  5236 | D:5      | Found an ornate altar of the Wu Jian Council.
  5351 | D:5      | Found a runed gate.
  5351 | D:5      | Noticed Rhok's ghost (novice HuMo)
  5352 | D:5      | Found a runed gate.
  5352 | D:5      | Found a runed gate.
  5352 | D:5      | Noticed inc's ghost (amateur OpIE)
  5352 | D:5      | Noticed gmonis's ghost (novice CeHu)
  5354 | D:5      | Noticed 4thArraOfDagon's ghost (amateur FeCj)
  5354 | D:5      | Noticed Amnesiac's ghost (weakling SpMo)
  5494 | D:5      | Found a shimmering altar of Xom.
  5495 | D:5      | Found a burning altar of Makhleb.
  5636 | D:5      | Found a glowing silver altar of Zin.
  6245 | D:5      | Upgraded the game from 0.22-a0-515-g75794bf to 0.22-a0-525-gf69a080
  6254 | D:5      | Reached skill level 1 in Evocations
  6306 | D:5      | Reached skill level 7 in Stealth
  6570 | D:6      | Slain by a wyvern zombie

Vault maps used:
D:1:      lightli_arrival_statuegarden, fountainhead, minivault_5
D:2:      amethyst_overflow_temple_binary, lemuel_zombie_altar_kikubaaqudgha,
          eat_drink_and_be_merry_uskayaw
D:3:      first_ration, uniq_crazy_yiuf_cottage
D:4:      minmay_temple_entry_poolview, trog_book, uniq_natasha
D:5:      grunt_temple_overflow_champion_of_chaos,
          nicolae_overflow_hidden_temple, nicolae_overflow_crystal_walls,
          gammafunk_ghost_cemetery
D:6:      cheibrodos_quashed, old_standard_altar, uniq_sigmund, uniq_eustachio
Temple:   corrupted_temple

Skill      XL: |  1  2  3  4  5  6  7 |
---------------+----------------------+-----
Fighting       | 2 3 |  3.3
Short Blades   | 3 4 |  4.5
Stealth        | 5 6 7 |  7.0
Dodging        | 2 3 |  3.4
Throwing       | 3 |  3.7
Evocations     | 1 |  1.4

Action                   |  1- 3 |  4- 6 |  7- 9 || total
-------------------------+-------+-------+-------++-------
Melee: Dagger            |   105 |   287 |   136 ||   528
 Fire: Blowgun           |     4 |     2 |     1 ||     7
Throw: Stone             |       |     4 |     7 ||    11
Evoke: Wand              |       |     6 |    20 ||    26
  Use: Scroll            |     3 |     4 |     2 ||     9
       Potion            |       |     1 |     3 ||     4
 Stab: Distracted        |     1 |       |       ||     1
       Sleeping          |     6 |    10 |     6 ||    22
       Paralysed         |       |     3 |     1 ||     4
       Confused          |       |       |     1 ||     1
  Eat: Chunk             |     1 |     8 |     4 ||    13
       Ration            |       |     1 |     1 ||     2
Armor: Robe              |    16 |    35 |    18 ||    69
Dodge: Dodged            |    78 |   205 |    95 ||   378

Table legend:
 A = Spawn XP
 B = Non-spawn XP
 C = Spawn XP percentage of total XP
 D = Spawn monster count
 E = Non-spawn monster count
 F = Spawn count percentage of total count
 G = Total turns spent on level
                    A         B        C        D         E        F      G
               +---------+---------+-------+---------+---------+-------+---------
         Total |       0 |     993 |   0.0 |       0 |     107 |   0.0 |  6570
               +---------+---------+-------+---------+---------+-------+---------
           D:1 |       0 |      44 |   0.0 |       0 |      20 |   0.0 |   815
           D:2 |       0 |     128 |   0.0 |       0 |      35 |   0.0 |  1375
           D:3 |       0 |     121 |   0.0 |       0 |      24 |   0.0 |  1264
           D:4 |       0 |     333 |   0.0 |       0 |      16 |   0.0 |  1882
           D:5 |       0 |     351 |   0.0 |       0 |      10 |   0.0 |  1085
           D:6 |       0 |      16 |   0.0 |       0 |       2 |   0.0 |    86
               +---------+---------+-------+---------+---------+-------+---------
